 Dungeon Crawl Stone Soup version 0.30-a0-722-g3e6e8c874d (webtiles) character file.

Game seed: 1299675072535920901

42 ASSMAN the Cudgeller (level 3, -8/28 HPs)
             Began as a Gnoll Wanderer on Jan 28, 2023.
             Mangled by a gnoll
             ... wielding a +0 flail
             ... led by a gnoll bouda
              (11 damage)
             ... on level 2 of the Dungeon.
             The game lasted 00:01:32 (762 turns).

ASSMAN the Cudgeller (Gnoll Wanderer)                Turns: 762, Time: 00:01:33

Health: -8/28      AC:  3    Str: 16    XL:     3   Next: 56%
Magic:  7/7        EV: 11    Int: 11    God:
Gold:   131        SH:  0    Dex:  8    Spells: 6/7 levels left

rFire   . . .      SeeInvis .    a - +2 mace
rCold   . . .      Faith    .    (no shield)
rNeg    . . .      Spirit   .    d - +0 leather armour
rPois   .          Reflect  .    (no helmet)
rElec   .          Harm     .    (no cloak)
rCorr   .          Rampage  .    (no gloves)
Will    .....                    (no boots)
Stlth   +                        (no amulet)
HPRegen 0.24/turn                (no ring)
MPRegen 0.10/turn                (no ring)

@: mighty
A: fangs 1, strong nose, distributed training
a: no special abilities


You were on level 2 of the Dungeon.
You visited 1 branch of the dungeon, and saw 2 of its levels.

You collected 131 gold pieces.

Inventory:

Hand Weapons
 a - a +2 mace (weapon)
 k - the +1 long sword of Enwy {flame, Int+2}
   (You found it on level 2 of the Dungeon)

   Int:       It affects your intelligence (+2).
Armour
 d - a +0 leather armour (worn)
Jewellery
 g - a ring of ice
Wands
 b - a wand of polymorph (6)
Scrolls
 e - a scroll of teleportation {unknown}
 f - a scroll of blinking {unknown}
 h - 2 scrolls of identify {unknown}
 i - a scroll of noise {unknown}
Potions
 j - 2 potions of curing {unknown}
 l - a potion of cancellation {unknown}
 m - a potion of heal wounds {unknown}


   Skills:
 + Level 2.6 Fighting
 + Level 0.9 Short Blades
 + Level 0.9 Long Blades
 + Level 0.9 Axes
 + Level 6.5 Maces & Flails
 + Level 0.9 Polearms
 + Level 0.9 Staves
 + Level 0.9 Ranged Weapons
 + Level 0.9 Throwing
 + Level 2.6 Armour
 + Level 0.9 Dodging
 + Level 0.9 Stealth
 + Level 0.9 Shields
 + Level 0.9 Unarmed Combat
 + Level 2.8 Spellcasting
 + Level 0.6 Conjurations
 + Level 0.6 Hexes
 + Level 0.6 Summonings
 + Level 0.6 Necromancy
 + Level 3.8 Translocations
 + Level 0.6 Transmutations
 + Level 0.6 Fire Magic
 + Level 0.6 Ice Magic
 + Level 0.6 Air Magic
 + Level 0.6 Earth Magic
 + Level 0.6 Poison Magic
 + Level 1.0 Invocations
 + Level 4.5 Evocations


You had 6 spell levels left.
You knew the following spells:

 Your Spells              Type           Power      Damage    Failure   Level
a - Apportation           Tloc           18%        N/A       7%          1

Your spell library contained the following spells:

 Spells                   Type           Power      Damage    Failure   Level
 Gell's Gravitas          Tloc           9%         N/A       21%         3
 Sandblast                Erth           6%         2d5       24%         1
 Passwall                 Tmut/Erth      2%         N/A       36%         2
 Stone Arrow              Conj/Erth      6%         3d7       58%         3


Dungeon Overview and Level Annotations

Branches:
Dungeon (2/15)

Altars:


Innate Abilities, Weirdness & Mutations

You have very sharp teeth.
Your uncanny sense of smell can sniff out nearby items.
Your experience applies equally to all skills.


Message History

You sock the giant cockroach!
You kill the giant cockroach!
No target in view!
No target in view!
No target in view!
m - a glowing amethyst potion A goblin comes into view.
It is wielding a +0 club.
A goblin is nearby!
The goblin shouts!
The goblin hits you but does no damage.
You barely miss the goblin. The goblin misses you.
You hit the goblin.
You kill the goblin!
No target in view!
No target in view!
Things that are here:
a +0 club; a goblin corpse
h - 2 scrolls labelled WEYGES JATUZE (gained 1)
A gnoll comes into view. It is wielding a +0 flail.
A gnoll is nearby!
A gnoll is nearby!
The gnoll hits you with a +0 flail.
You closely miss the gnoll. The gnoll hits you with a +0 flail.
You barely miss the gnoll. The gnoll closely misses you.
You barely miss the gnoll. Your punch misses the gnoll.
The gnoll barely misses you.
You sock the gnoll!
The gnoll is heavily wounded.
The gnoll barely misses you.
You barely miss the gnoll.
The gnoll is heavily wounded.
The gnoll hits you with a +0 flail!
You are too injured to fight recklessly!
You hit the gnoll.
The gnoll is severely wounded.
The gnoll closely misses you. The gnoll hits you with a +0 flail!
* * * LOW HITPOINT WARNING * * *
You feel very mighty all of a sudden. The gnoll hits you with a +0 flail!
You die...

.. #.#
##################.#
#................#.#
####.#######.#.####.#.#
.......####.#.# #.#.#
.......##.#.# #.#.#
######g#.#.##.#.# #....
.......@......#.# ###.#
######.#.#.#..#.#####.#.
#.....#..#.........
###.###..########## ....
#..# ###.. #..# #..##..#
#..##..#### #........>


You could see a gnoll.

Vanquished Creatures
  A dart slug (D:1)
  A bat (D:1)
  4 endoplasms (D:1)
  5 giant cockroaches
  6 goblins
  4 hobgoblins
  3 jackals (D:1)
  2 kobolds (D:1)
  A quokka (D:1)
  2 ball pythons
  A frilled lizard (D:1)
  4 rats (D:1)
34 creatures vanquished.

Notes
Turn   | Place    | Note
-------+----------+-------------------------------------------
     0 | D:1      | ASSMAN the Gnoll Wanderer began the quest for the Orb.
     0 | D:1      | ASSMAN set off with the following items: a +2 mace, a wand
                  | of polymorph (6), a potion of might, a +0 leather armour;
                  | and the following spell memorised: Apportation; and the
                  | following spells available to memorise: Gell's Gravitas.
     0 | D:1      | Reached XP level 1. HP: 17/17 MP: 4/4
    78 | D:1      | Reached XP level 2. HP: 19/23 MP: 5/5
   321 | D:1      | Reached XP level 3. HP: 26/28 MP: 7/7
   529 | D:1      | Reached skill level 1 in Invocations
   625 | D:2      | Identified the +1 long sword of Enwy {flame, Int+2}
   762 | D:2      | Mangled by a gnoll

Illustrated notes

Levels and vault maps discovered:
D:1:      evilmike_arrival_crescent, layout_rooms, dk_noncrumbling_3
D:2:      layout_loops_ring, kennysheep_cross_bottleneck

Skill      XL: |  1  2  3 |
---------------+----------+-----
Invocations    | 1 |  1.0
Fighting       | |  2.6
Short Blades   | |  0.9
Long Blades    | |  0.9
Axes           | |  0.9
Maces & Flails | |  6.5
Polearms       | |  0.9
Staves         | |  0.9
Ranged Weapons | |  0.9
Throwing       | |  0.9
Armour         | |  2.6
Dodging        | |  0.9
Stealth        | |  0.9
Shields        | |  0.9
Unarmed Combat | |  0.9
Spellcasting   | |  2.8
Conjurations   | |  0.6
Hexes          | |  0.6
Summonings     | |  0.6
Necromancy     | |  0.6
Translocations | |  3.8
Transmutations | |  0.6
Fire Magic     | |  0.6
Ice Magic      | |  0.6
Air Magic      | |  0.6
Earth Magic    | |  0.6
Poison Magic   | |  0.6
Evocations     | |  4.5

Action                     || total
---------------------------++-------
  Melee: Mace              ||    80
         Punch             ||     1
         Bite              ||     4
    Use: Potion            ||     1
 Armour: Leather armour    ||    22
  Dodge: Dodged            ||    39

Table legend: (Time is in decaauts)
 A = Elapsed time spent in this place.
 B = Non-inter-level travel time spent in this place.
 C = Inter-level travel time spent in this place.
 D = Time resting spent in this place.
 E = Time spent auto-exploring this place.
 F = Levels seen in this place.
 G = Mean time per level.
                   A        B        C        D        E       F      G
               +--------+--------+--------+--------+--------+-----+--------+
         Total |    768 |    759 |      9 |      0 |    580 |   2 |  384.0 |
       Dungeon |    768 |    759 |      9 |      0 |    580 |   2 |  384.0 |
               +--------+--------+--------+--------+--------+-----+--------+

Top non-repeatable levels by time:
     D:1: 620 daAuts
     D:2: 147 daAuts
